 Dungeon Crawl Stone Soup version 0.16-a0-967-g37ceb3c (console) character file.

10210 clovis the Thaumaturge (level 11, -9/54 HPs)
             Began as a Gargoyle Fire Elementalist on Oct 1, 2014.
             Was a High Priest of Vehumet.
             Mangled by a trapdoor spider (13 damage)
             ... on Level 10 of the Dungeon on Oct 2, 2014.
             The game lasted 00:53:21 (11017 turns).

clovis the Thaumaturge (GrFE)                      Turns: 11017, Time: 00:53:21

HP  -9/54        AC 11     Str 16      XL: 11   Next: 58%
MP  16/40        EV 12     Int 23      God: Vehumet [*****.]
Gold 588         SH  0     Dex 10      Spells:  6 memorised, 13 levels left

rFire  . . .     SeeInvis .     v - -1 spear of Frawuk {pain, +Blink Str+4}
rCold  . . .     Clarity  .     a - +0 robe
rNeg   + + .     rCorr    .     (no shield)
rPois  +         rRot     +     s - +1 helmet
rElec  +         Spirit   .     (no cloak)
SustAb .         Warding  +     (no gloves)
rMut   .         Stasis   .     (no boots)
Gourm  .                        y - amulet of warding
MR     .....                    l - +4 ring of intelligence
                                C - ring of magical power

@: about to teleport, not resistant to hostile enchantments, fairly stealthy
A: negative energy resistance 1, electricity resistance, unbreathing,
petrification resistance, rot immunity, AC +7
a: Renounce Religion, Evoke Blink


You were on level 10 of the Dungeon.
You worshipped Vehumet.
Vehumet was extremely pleased with you.
You were not hungry.

You visited 2 branches of the dungeon, and saw 11 of its levels.

You collected 588 gold pieces.

Inventory:

Hand weapons
 f - a +0 dagger
 v - the -1 spear of Frawuk (weapon) {pain, +Blink Str+4}
   (You took it off a centaur on level 7 of the Dungeon)

   In the hands of one skilled in necromantic magic, it inflicts extra damage on
   living creatures.
   It affects your strength (+4).
   It lets you blink.
Armour
 a - a +0 robe (worn)
 s - a +1 helmet (worn)
 z - the +2 robe of Grupeoxt {Str+5 Dex+2, unknown}
   (You found it on level 10 of the Dungeon)

   It affects your strength (+5).
   It affects your dexterity (+2).
 K - a cursed troll hide
Magical devices
 m - a wand of fire (5)
 o - a wand of slowing (17)
 t - a wand of random effects (19) {unknown}
 N - a wand of fire (5)
Comestibles
 c - 8 bread rations
 d - 10 beef jerkies
 n - 7 fruits
 I - 2 royal jellies
 J - a meat ration
 R - 3 chunks of crocodile flesh
Scrolls
 k - a scroll of fog
 u - 3 scrolls of amnesia {unknown}
 A - 2 scrolls of enchant armour
 B - 2 scrolls of random uselessness {unknown}
 P - a scroll of identify
 Q - a scroll of noise {unknown}
Jewellery
 g - an uncursed ring of stealth
 h - an uncursed amulet of resist corrosion
 l - a +4 ring of intelligence (right hand)
 r - an uncursed ring of positive energy
 x - an uncursed ring of see invisible
 y - an amulet of warding (around neck)
 C - a ring of magical power (left hand)
Potions
 e - 3 potions of haste
 i - 3 potions of curing
 j - 2 potions of magic
 p - 2 potions of heal wounds
 q - 3 potions of brilliance
 w - a potion of lignification
 D - 3 potions of agility
 E - a potion of restore abilities
 F - a potion of mutation {unknown}
 H - a potion of beneficial mutation {unknown}
 M - a potion of resistance {unknown}
Books
 b - a book of Flames

   Spells                             Type                      Level
   *Flame Tongue                      Conjuration/Fire             1
   Throw Flame                        Conjuration/Fire             2
   *Conjure Flame                     Conjuration/Fire             3
   Inner Flame                        Hexes/Fire                   3
   *Sticky Flame                      Conjuration/Fire             4
   *Fireball                          Conjuration/Fire             5
 G - a book of Unlife

   Spells                             Type                      Level
   Recall                             Summoning/Translocation      3
   Animate Dead                       Necromancy                   4
   Control Undead                     Necromancy                   4
   Twisted Resurrection               Necromancy                   5
   Death Channel                      Necromancy                   6
   Simulacrum                         Ice/Necromancy               6


   Skills:
 * Level 2.2 Dodging
 * Level 5.0 Stealth
 * Level 11.9 Spellcasting
 + Level 9.1 Conjurations
 + Level 8.7 Fire Magic


You had 13 spell levels left.
You knew the following spells:

 Your Spells              Type           Power        Failure   Level  Hunger
a - Flame Tongue          Conj/Fire      #####        1%          1    None
b - Conjure Flame         Conj/Fire      ######..     1%          3    None
c - Sticky Flame          Conj/Fire      ######..     1%          4    None
d - Fireball              Conj/Fire      ######....   1%          5    ###....
e - Throw Frost           Conj/Ice       ####..       1%          2    None
f - Force Lance           Conj           ######..     1%          5    ###....


Dungeon Overview and Level Annotations

Branches:
Dungeon (10/15)            Temple (1/1) D:4            Lair (0/8) D:10
    Orc: D:9-12

Altars:
Ashenzari
Cheibriados
Dithmenos
Elyvilon
Fedhas
Gozag
Kikubaaqudgha
Makhleb
Nemelex Xobeh
Okawaru
Qazlal
Ru
Sif Muna
Trog
Vehumet
Xom
Yredelemnul
Zin
The Shining One


Innate Abilities, Weirdness & Mutations

You are resistant to torment.
You are immune to poison.
Your stone body is very resilient (AC +7).
You resist negative energy.
You are resistant to electric shocks.
You can survive without breathing.
You are immune to petrification.
You are immune to rotting.


Message History

Press: ? - help, Shift-Dir - straight line, f/p - trapdoor spider
Aim: a trapdoor spider (moderately wounded, covered in liquid flames, clinging)
The lance of force hits the trapdoor spider.
The trapdoor spider is severely wounded.
The trapdoor spider is knocked back by the lance of force.
The trapdoor spider burns!
Casting: Force Lance
Confirm with . or Enter, or press ? or * to list all spells.
Aiming: Force Lance
Press: ? - help, Shift-Dir - straight line, f/p - trapdoor spider
Aim: a trapdoor spider (almost dead, covered in liquid flames, clinging)
Okay, then.
Read which item? (? for menu, Esc to quit)
You can't read that!
Read which item? (? for menu, Esc to quit)
As you read the scroll of teleportation, it crumbles to dust.
You feel strangely unstable.
The trapdoor spider burns!
The trapdoor spider bites you!
* * * LOW HITPOINT WARNING * * *
The trapdoor spider burns!
The trapdoor spider stops burning.
The trapdoor spider bites you!
You die...

#########
#.......#
#.......#
#.#####.#
######.# #@#
#......# #s#
#####.....(#
#C#
...........#
#...C...#
...........#
#........
...........#
#........#
##...).....#
#........#
#%........#
#........#
#<)###....#
#....._..#
#%.#.###....
.........#
##(.#...#....
.........# .


You could see a hill giant and a trapdoor spider.

Vanquished Creatures
  2 hill giants (D:10)
  Pikel (D:4)
  A centaur skeleton (D:10)
  A troll (D:9)
  Prince Ribbit (D:4)
  A two-headed ogre (D:9)
  A basilisk (D:10)
  14 yaks
  Eustachio (D:8)
  2 hippogriffs
  2 orc warriors (D:10)
  2 porcupines (D:10)
  A water moccasin (D:8)
  2 sky beasts
  4 ice beasts
  A phantom (D:6)
  2 necrophages
  4 centaurs
  6 ogres
  3 big kobolds
  Blork the orc (D:4)
  4 crocodiles (D:10)
  A wyvern zombie (D:8)
  8 giant frogs
  4 scorpions
  5 wights (D:10)
  2 vampire bats (D:6)
  2 crimson imps
  2 centaur zombies (D:10)
  2 orc priests
  A goliath beetle (D:6)
  3 jellies
  8 worker ants
  3 hounds
  An elf skeleton (D:10)
  An iguana (D:9)
  An orange rat (D:6)
  4 orc wizards (D:6)
  A sky beast zombie (D:5)
  Jessica (D:3)
  A mummy (D:10)
  An ogre skeleton (D:10)
  A hound zombie (D:5)
  2 hound skeletons
  16 adders
  4 gnolls (D:7)
  A worker ant zombie (D:5)
  9 green rats
  3 shadow imps
  3 worms
  2 giant mites (D:5)
  A goliath beetle zombie (D:5)
  2 orc zombies (D:6)
  An iguana skeleton (D:9)
  9 giant geckos
  4 oozes
  16 orcs
  4 bat skeletons (D:6)
  2 bat zombies (D:6)
  5 giant cockroaches
  14 hobgoblins
  16 jackals
  2 quokkas
  2 ball pythons
  11 bats
  4 giant newts
  A giant spore (D:8)
  12 goblins
  23 kobolds
  A kobold skeleton (D:3)
  A quokka skeleton (D:7)
  A quokka zombie (D:6)
  46 rats
  A rat zombie (D:5)
  2 ballistomycetes (D:8)
  A bush (D:10)
332 creatures vanquished.

Vanquished Creatures (others)
  Menkaure (D:4)
1 creature vanquished.

Grand Total: 333 creatures vanquished

Notes
Turn   | Place    | Note
--------------------------------------------------------------
     0 | D:1      | clovis, the Gargoyle Fire Elementalist, began the quest for the Orb.
     0 | D:1      | Reached XP level 1. HP: 10/10 MP: 3/3
   199 | D:1      | Reached XP level 2. HP: 13/15 MP: 0/5
   760 | D:1      | Reached XP level 3. HP: 19/19 MP: 2/6
   771 | D:1      | Learned a level 3 spell: Conjure Flame
  1306 | D:2      | Upgraded the game from 0.16-a0-956-g65bd446 to 0.16-a0-967-g37ceb3c
  1612 | D:2      | Reached XP level 4. HP: 20/24 MP: 5/9
  2394 | D:3      | Learned a level 4 spell: Sticky Flame
  2438 | D:3      | Reached XP level 5. HP: 11/28 MP: 3/12
  2633 | D:3      | Found a sparkling altar of Nemelex Xobeh.
  2633 | D:3      | Noticed Jessica
  2637 | D:3      | Killed Jessica
  2637 | D:3      | Reached skill level 4 in Spellcasting
  2711 | D:3      | Found an opulent altar of Gozag.
  2711 | D:3      | Found a glowing silver altar of Zin.
  3315 | D:3      | Reached XP level 6. HP: 25/32 MP: 8/15
  3512 | D:4      | Noticed Prince Ribbit
  3609 | D:4      | Noticed Blork the orc
  3619 | D:4      | Killed Blork the orc
  3878 | D:4      | Reached skill level 5 in Spellcasting
  4024 | D:4      | Killed Prince Ribbit
  4024 | D:4      | Reached XP level 7. HP: 16/36 MP: 8/19
  4076 | D:4      | Noticed Pikel
  4086 | D:4      | Killed Pikel
  4086 | D:4      | Reached skill level 6 in Spellcasting
  4086 | D:4      | Reached skill level 5 in Fire Magic
  4086 | D:4      | Reached XP level 8. HP: 20/41 MP: 11/22
  4198 | D:4      | Got a faintly humming plate armour
  4227 | D:4      | Found a staircase to the Ecumenical Temple.
  4241 | D:4      | Killed Menkaure
  4265 | D:4      | Identified the cursed -4 plate armour "Qohis" {Dex+2 Int-2} (You found it on level 4 of the Dungeon)
  4274 | Temple   | Entered the Ecumenical Temple
  4367 | Temple   | Became a worshipper of Vehumet
  4605 | D:4      | Found a white marble altar of Elyvilon.
  4610 | D:4      | Reached skill level 7 in Spellcasting
  4610 | D:4      | Reached skill level 5 in Conjurations
  4896 | D:4      | Found a deep blue altar of Sif Muna.
  4900 | D:4      | Found an iron altar of Okawaru.
  4906 | D:4      | Found a white marble altar of Elyvilon.
  4955 | D:4      | Learned a level 5 spell: Fireball
  4956 | D:5      | Entered Level 5 of the Dungeon
  5471 | D:5      | Acquired Vehumet's first power
  5471 | D:5      | Offered knowledge of Sandblast by Vehumet.
  5664 | D:5      | Reached skill level 8 in Spellcasting
  5819 | D:6      | Reached XP level 9. HP: 32/45 MP: 9/25
  6038 | D:6      | Offered knowledge of Searing Ray by Vehumet.
  6486 | D:6      | Reached skill level 9 in Spellcasting
  6737 | D:6      | Offered knowledge of Throw Frost by Vehumet.
  6741 | D:6      | Learned a level 2 spell: Throw Frost
  6969 | D:6      | Acquired Vehumet's second power
  6970 | D:6      | Found an ancient bone altar of Kikubaaqudgha.
  7150 | D:7      | Found a shattered altar of Ashenzari.
  7413 | D:7      | Got an ichor-stained spear
  7414 | D:7      | Identified the cursed -1 spear of Frawuk {pain, +Blink Str+4} (You took it off a centaur on level 7 of the Dungeon)
  7463 | D:7      | Offered knowledge of Dazzling Spray by Vehumet.
  7463 | D:7      | Reached XP level 10. HP: 35/50 MP: 28/28
  8111 | D:8      | Reached skill level 10 in Spellcasting
  8145 | D:8      | Noticed Eustachio
  8149 | D:8      | Killed Eustachio
  8285 | D:8      | Found a glowing golden altar of the Shining One.
  8484 | D:8      | Acquired Vehumet's third power
  9151 | D:9      | Offered knowledge of Force Lance by Vehumet.
  9158 | D:9      | Learned a level 5 spell: Force Lance
 10056 | D:9      | Found a bloodstained altar of Trog.
 10176 | D:10     | Entered Level 10 of the Dungeon
 10180 | D:10     | Reached skill level 11 in Spellcasting
 10184 | D:10     | Reached XP level 11. HP: 54/54 MP: 20/30
 10307 | D:10     | Noticed a hill giant
 10311 | D:10     | Killed a hill giant
 10315 | D:10     | Found a shimmering altar of Xom.
 10451 | D:10     | Found a staircase to the Lair.
 10520 | D:10     | Got a heavy robe
 10646 | D:10     | Noticed a hill giant
 10649 | D:10     | Killed a hill giant
 10735 | D:10     | Found a staircase to the Orcish Mines.
 10744 | D:10     | Offered knowledge of Ozocubu's Refrigeration by Vehumet.
 10843 | D:10     | Found a blossoming altar of Fedhas.
 10949 | D:10     | Reached skill level 5 in Stealth
 11012 | D:10     | Noticed a hill giant
 11017 | D:10     | Mangled by a trapdoor spider

Action                   |  1- 3 |  4- 6 |  7- 9 | 10-12 || total
-------------------------+-------+-------+-------+-------++-------
Melee: Unarmed           |    39 |       |       |       ||    39
       Dagger            |     8 |     2 |    89 |       ||    99
       Spear             |       |       |       |    39 ||    39
 Cast: Flame Tongue      |    74 |   110 |   205 |   165 ||   554
       Conjure Flame     |       |     4 |     8 |     4 ||    16
       Sticky Flame      |       |     3 |    18 |    18 ||    39
       Fireball          |       |       |    18 |    43 ||    61
       Throw Frost       |       |       |       |     7 ||     7
       Force Lance       |       |       |       |     5 ||     5
Evoke: Wand              |       |       |     3 |       ||     3
  Use: Scroll            |       |       |    13 |     5 ||    18
 Stab: Sleeping          |       |       |     1 |       ||     1
  Eat: Chunk             |     3 |     8 |    12 |    13 ||    36
       Bread ration      |       |       |     1 |       ||     1
       Pizza             |       |       |       |     1 ||     1
